 Dungeon Crawl Stone Soup version 0.17.2-1-ge4368a0 (webtiles) character file.

24 tidbits the Insei (level 2, -2/22 HPs)
             Began as a Demigod Transmuter on Aug 26, 2017.
             Hit by a tomahawk thrown by an orc (3 damage)
             ... on level 5 of the Dungeon.
             The game lasted 00:09:35 (757 turns).

tidbits the Insei (Demigod Transmuter)               Turns: 757, Time: 00:09:35

Health: -2/22      AC:  3    Str: 13    XL:     2   Next: 60%
Magic:  0/7        EV: 12    Int: 17    God:
Gold:   64         SH:  0    Dex: 16    Spells: 2 memorised, 2 levels left

rFire  . . .     SeeInvis .       - Unarmed
rCold  . . .     Clarity  .     b - +0 robe
rNeg   . . .     SustAt   +     (no shield)
rPois  .         Gourm    .     (no helmet)
rElec  .         Spirit   .     (no cloak)
rCorr  .         Warding  .     G - +0 pair of gloves
rMut   .         Stasis   .     (no boots)
MR     .....                    (no amulet)
Stlth  +.........               (no ring)
                                (no ring)

@: appendage (expiring), not resistant to hostile enchantments, very unstealthy
A: horns 2, high mp 1, sustain attributes
a: End Transformation


You were on level 5 of the Dungeon.
You were not hungry.
You had grown temporary horns.
You visited 1 branch of the dungeon, and saw 5 of its levels.

You collected 64 gold pieces.

Inventory:

Missiles
 a - 26 arrows
 e - 51 stones (quivered)
Armour
 b - a +0 robe (worn)
 G - a +0 pair of gloves (worn)
   (You found it on level 2 of the Dungeon)
Magical Staves
 w - an uncursed staff of wizardry {!a}
   (You found it on level 2 of the Dungeon)
Wands
 i - a wand of digging (12)
   (You found it on level 2 of the Dungeon)
Scrolls
 g - a scroll of amnesia
 h - a scroll of enchant weapon
Potions
 j - a potion of resistance
Books
 c - a book of Changes

   Spells                             Type                      Level
   a - Beastly Appendage              Transmutation                1
   b - Sticks to Snakes               Transmutation                2
   c - Spider Form                    Transmutation/Poison         3
   d - Ice Form                       Ice/Transmutation            4
   e - Blade Hands                    Transmutation                5
Comestibles
 d - a bread ration
 f - a meat ration


   Skills:
 - Level 0.8 Fighting
 - Level 1.7 Dodging
 + Level 3.2 Unarmed Combat
 - Level 2.0 Spellcasting
 + Level 2.2 Transmutations


You had 2 spell levels left.
You knew the following spells:

 Your Spells              Type           Power        Failure   Level  Hunger
e - Beastly Appendage     Trmt           #.....       10%         1    #......
k - Sticks to Snakes      Trmt           #.........   14%         2    ###....


Dungeon Overview and Level Annotations

Branches:
Dungeon (5/15)
 Temple: D:4-7


Innate Abilities, Weirdness & Mutations

You have an increased reservoir of magic (+10% MP).
Your attributes are resistant to harm.
You have a pair of horns on your head.


Message History

There is a stone staircase leading up here.
Wield which item (- for none, * to show all)? (? for menu, Esc to quit)
You are now empty-handed.
Adjust (i)tems, (s)pells, or (a)bilities?
Adjust which item? (? for menu, Esc to quit)
j - an uncursed staff of wizardry {!a} Adjust to which letter? (? for menu, Esc to quit)
w - an uncursed staff of wizardry {!a} A goblin comes into view.
It is wielding a club.
A goblin is nearby!
Unknown command.
Found 12 stones.
e - 51 stones (gained 12)
You see here a leather armour.
You open the door.
There is an open door here.
Found 16 gold pieces.
You now have 64 gold pieces (gained 16).
You open the door.
Found a sedimented purple potion.
Found a stone staircase leading down.
There is an open door here.
j - a sedimented purple potion
There is a stone staircase leading down here.
Read which item? (? for menu, Esc to quit)
Identify which item? (\ to view known items) (? for menu, Esc to quit)
As you read the scroll of identify, it crumbles to dust.
j - a potion of resistance You climb downwards.
There is a stone staircase leading up here.
Found a meat ration.
Found 4 gold pieces.
A giant newt comes into view.
f - a meat ration
Found a stone staircase leading down.
A giant gecko skeleton comes into view.
You open the door.
Found a radiant altar of Vehumet.
Casting: Beastly Appendage
Confirm with . or Enter, or press ? or * to list all spells.
You grow a pair of large bovine horns.
There is a stone staircase leading down here.
You barely miss the giant gecko skeleton.
You hit the giant gecko skeleton but do no damage.
You headbutt the giant gecko skeleton!
You destroy the giant gecko skeleton!
You climb downwards.
An ogre comes into view. It is wielding a giant club.
There is a stone staircase leading up here.
Casting: Beastly Appendage
Confirm with . or Enter, or press ? or * to list all spells.
You extend your transformation's duration.
The ogre shouts!
Found a whip.
Casting: Beastly Appendage
Confirm with . or Enter, or press ? or * to list all spells.
You create a snake!
Casting: Sticks to Snakes
Confirm with . or Enter, or press ? or * to list all spells.
You create a snake!
Your transformation is almost over.
An adder zombie comes into view.
Your adder barely misses the ogre.
You hit the ogre.
The ogre is lightly wounded.
The ogre closely misses you.
Your adder bites the ogre but does no damage.
Your ball python bites the ogre.
You hit the ogre but do no damage. You headbutt the ogre.
The ogre is lightly wounded.
Your adder bites the ogre.
The ogre is poisoned.
Your adder poisons the ogre!
Your ball python bites the ogre but does no damage.
The ogre hits you with a giant club!
* * * LOW HITPOINT WARNING * * *
Your adder barely misses the ogre.
An orc comes into view. It is wielding a club.
The orc shouts!
The orc throws a tomahawk.
The tomahawk barely misses you.
Your ball python bites the ogre.
Your adder completely misses the ogre.
The ogre hits your ball python with a giant club!
Your ball python dies!
Found an escape hatch in the floor.
You see here a tomahawk.
Your adder bites the ogre.
The orc throws a tomahawk.
The tomahawk hits you.
* * * LOW HITPOINT WARNING * * *
You see here a tomahawk.
Drink which item? (? for menu, Esc to quit)
Okay, then.
Casting: Sticks to Snakes
Confirm with . or Enter, or press ? or * to list all spells.
You create a snake!
Your adder bites the ogre.
The ogre looks even sicker.
Your adder poisons the ogre!
Your adder barely misses the ogre.
The adder zombie bites your ball python.
Your ball python dies!
Your adder closely misses the ogre.
The orc throws a tomahawk.
The tomahawk hits you.
* * * LOW HITPOINT WARNING * * *
You see here a tomahawk.
The orc throws a tomahawk.
The tomahawk hits you.
You die...

#### ..>.. ...
#####.#####
#.........#
#.@.....o.. ####
#(OZ......# ....
#.S.....).#
####..##..(.......
.......<.........#
####..#####..##.##
#. ..# # # ..# ...


You could see an ogre, an orc, an adder zombie and a friendly adder.

Vanquished Creatures
  An adder (D:2)
  A giant gecko (D:1)
  A giant cockroach (D:2)
  A goblin (D:1)
  2 hobgoblins
  A ball python (D:1)
  2 bats
  A giant gecko skeleton (D:4)
  4 kobolds
  3 rats
17 creatures vanquished.

Vanquished Creatures (others)
  A giant gecko (D:3)
1 creature vanquished.

Grand Total: 18 creatures vanquished

Notes
Turn   | Place    | Note
--------------------------------------------------------------
     0 | D:1      | tidbits the Demigod Transmuter began the quest for the Orb.
     0 | D:1      | Reached XP level 1. HP: 15/15 MP: 5/5
    21 | D:1      | Reached skill level 2 in Spellcasting
   222 | D:1      | Reached skill level 2 in Transmutations
   222 | D:1      | Reached XP level 2. HP: 13/22 MP: 5/7
   226 | D:1      | Learned a level 2 spell: Sticks to Snakes
   318 | D:2      | Reached skill level 3 in Unarmed Combat
   529 | D:2      | HP: 1/22 [hobgoblin/club (4)]
   564 | D:2      | HP: 1/22 [hobgoblin/club (2)]
   738 | D:4      | Found a radiant altar of Vehumet.
   745 | D:5      | Entered Level 5 of the Dungeon
   745 | D:5      | Noticed an ogre
   756 | D:5      | HP: 1/22 [orc/tomahawk (2)]
   757 | D:5      | Hit by a tomahawk thrown by an orc

Action                   || total
-------------------------++-------
Melee: Unarmed           ||    67
 Cast: Beastly Appendage ||    17
       Sticks to Snakes  ||     3
  Use: Scroll            ||     4
 Stab: Sleeping          ||     1

Table legend:
 A = Turns spent in this place as a percentage of turns spent in the entire game.
 B = Non-inter-level travel turns spent in this place as a percentage of non-inter-level travel turns spent in the entire game.
 C = Inter-level travel turns spent in this place as a percentage of turns spent in this place.
 D = Turns resting spent in this place as a percentage of non-inter-level travel turns spent in this place.
 E = Turns spent auto-exploring this place as a percentage of non-inter-level travel turns spent in this place.
 F = Non-inter-level travel turns spent in this place divided by the number of levels of this place that you've seen.
                   A       B       C       D       E      F
               +-------+-------+-------+-------+-------+----------------------
         Total | 100.0 | 100.0 |   0.0 |   0.0 |   0.0 | 130.0
       Dungeon | 100.0 | 100.0 |   0.0 |   0.0 |   0.0 | 130.0
               +-------+-------+-------+-------+-------+----------------------

Table legend:
 A = Kills in this place as a percentage of kills in entire the game.
 B = Kills by you in this place as a percentage of kills by you in the entire game.
 C = Kills by friends in this place as a percentage of kills by friends in the entire game.
 D = Other kills in this place as a percentage of other kills in the entire game.
 E = Experience gained in this place as a percentage of experience gained in the entire game.
 F = Experience gained in this place divided by the number of levels of this place that you have seen.
                   A       B       C       D       E      F
               +-------+-------+-------+-------+-------+----------------------
         Total | 100.0 | 100.0 |  -nan |  -nan | 100.0 |   7.0
       Dungeon | 100.0 | 100.0 |  -nan |  -nan | 100.0 |   7.0
               +-------+-------+-------+-------+-------+----------------------

Vault maps used:
D:1:      shiori_shiawase
D:3:      nicolae_gozag_cash_rules_everything_around_me, lemuel_flame_loot_1
D:4:      kennysheep_mini, minmay_temple_entry_statues_pillars, first_bread,
          serial_shops, shop, grunt_tough_drop
D:5:      lemuel_round_altar, nicolae_overflow_hidden_temple, serial_shops, shop
